[ AOE2 MATCH · #495814246 ]
UnrankedMuisca vs Mongols
Player's team · LOSS
Rival team · WIN
[ REPLAY ANALYSIS · EXTRACTED FROM THE RECORDED GAME ]
Feudal
12:22
Castle
16:17
Imperial
—
| APM avg | 51.6 |
| APM peak | 89 |
| eAPM avg | 23.3 |
| Villagers / military | 72 / 14 |
Focus
⚔️ 33.3% · 🌾 66.7%
Monk ×14 · Unknown (2562) ×11 · Unknown (2586) ×7
Feudal
11:06
Castle
15:07
Imperial
31:13
| APM avg | 49.7 |
| APM peak | 110 |
| eAPM avg | 21.2 |
| Villagers / military | 83 / 24 |
Focus
⚔️ 33.8% · 🌾 66.2%
Mangudai ×9 · Steppe Lancer ×6 · Monk ×5 · Scout Cavalry ×3 · Trebuchet (Packed) ×1
Match map
Initial resources + every placement click. Lines = walls · curves = elevation contours. ◆ gold · ⬟ stone · ● berries · ✦ relic · ◌ wall gap
Your base· ✓ Closed at 16:17 · 39t walls · no gate
[CLB]PEGASO's base· ✓ Closed at 15:07 · 37t walls · no gate
Smoothed initial terrain · ◌ = detected wall gap · hover for details
Inputs per minute
— monkeyxmy - - [CLB]PEGASO
Build order — monkeyxmy
First 150 of 179 actions detected
| 0:01 | Create | Villager (Male) |
| 0:01 | Create | Villager (Male) |
| 0:02 | Build | House |
| 0:04 | Build | House |
| 0:17 | Create | Villager (Male) |
| 0:17 | Create | Villager (Male) |
| 0:17 | Create | Villager (Male) |
| 1:27 | Create | Villager (Male) |
| 1:27 | Create | Villager (Male) |
| 1:51 | Create | Villager (Male) |
| 1:51 | Create | Villager (Male) |
| 1:52 | Create | Villager (Male) |
| 1:57 | Build | Settlement |
| 2:18 | Create | Villager (Male) |
| 2:19 | Create | Villager (Male) |
| 2:48 | Create | Villager (Male) |
| 2:48 | Create | Villager (Male) |
| 3:15 | Create | Villager (Male) |
| 3:16 | Create | Villager (Male) |
| 3:57 | Create | Villager (Male) |
| 3:57 | Create | Villager (Male) |
| 3:57 | Create | Villager (Male) |
| 4:23 | Create | Villager (Male) |
| 4:23 | Create | Villager (Male) |
| 4:25 | Create | Villager (Male) |
| 4:47 | Create | Villager (Male) |
| 4:56 | Build | House |
| 5:02 | Create | Villager (Male) |
| 5:18 | Create | Villager (Male) |
| 5:24 | Build | House |
| 6:06 | Create | Villager (Male) |
| 6:13 | Build | Settlement |
| 6:22 | Build | Palisade Wall |
| 6:31 | Create | Villager (Male) |
| 6:57 | Create | Villager (Male) |
| 7:27 | Create | Villager (Male) |
| 8:05 | Create | Villager (Male) |
| 8:18 | Create | Villager (Male) |
| 9:01 | Build | Palisade Wall |
| 9:04 | Build | Palisade Wall |
| 9:09 | Create | Villager (Male) |
| 9:17 | Build | Palisade Wall |
| 9:26 | Create | Villager (Male) |
| 9:49 | Research | Feudal Age |
| 9:49 | Research | Loom |
| 10:17 | Create | Villager (Male) |
| 10:43 | Build | Farm |
| 10:45 | Build | Farm |
| 10:55 | Research | Loom |
| 11:07 | Build | House |
| 11:26 | Build | Palisade Wall |
| 12:22 | Age | Feudal Age |
| 12:26 | Build | Blacksmith |
| 12:35 | Build | Market |
| 13:04 | Build | Outpost |
| 13:37 | Research | Castle Age |
| 14:07 | Research | Horse Collar |
| 14:49 | Research | Double-Bit Axe |
| 15:42 | Create | Villager (Male) |
| 15:44 | Build | Farm |
| 15:45 | Build | Farm |
| 15:54 | Create | Villager (Male) |
| 16:17 | Age | Castle Age |
| 16:39 | Build | Monastery |
| 16:45 | Build | Castle |
| 16:58 | Build | Castle |
| 17:12 | Build | House |
| 17:15 | Build | House |
| 17:23 | Build | Palisade Wall |
| 17:27 | Build | House |
| 17:29 | Build | House |
| 17:34 | Create | Monk |
| 17:34 | Create | Monk |
| 17:35 | Create | Villager (Male) |
| 17:45 | Build | House |
| 17:59 | Create | Villager (Male) |
| 18:05 | Build | Town Center |
| 18:15 | Build | Farm |
| 18:38 | Create | Villager (Male) |
| 19:06 | Create | Villager (Male) |
| 19:48 | Create | Monk |
| 19:59 | Build | Palisade Wall |
| 20:01 | Build | Palisade Wall |
| 20:10 | Create | Villager (Male) |
| 20:11 | Build | Monastery |
| 20:12 | Create | Villager (Male) |
| 20:20 | Create | Monk |
| 20:33 | Create | Villager (Male) |
| 20:50 | Build | Farm |
| 20:51 | Build | Farm |
| 21:09 | Build | House |
| 21:11 | Build | Farm |
| 21:14 | Create | Monk |
| 21:30 | Build | Palisade Gate |
| 21:31 | Create | Villager (Male) |
| 21:51 | Create | Villager (Male) |
| 21:53 | Create | Monk |
| 22:03 | Create | Villager (Male) |
| 22:18 | Create | Monk |
| 22:46 | Create | Villager (Male) |
| 22:49 | Build | Farm |
| 22:50 | Build | Farm |
| 22:57 | Create | Villager (Male) |
| 23:07 | Create | Monk |
| 23:07 | Create | Monk |
| 23:22 | Create | Villager (Male) |
| 23:25 | Build | Farm |
| 23:38 | Create | Villager (Male) |
| 24:10 | Create | Monk |
| 24:17 | Research | Sanctity |
| 24:36 | Create | Monk |
| 24:37 | Create | Monk |
| 24:47 | Create | Villager (Male) |
| 24:48 | Create | Villager (Male) |
| 24:50 | Build | Farm |
| 24:52 | Create | Villager (Male) |
| 25:22 | Create | Villager (Male) |
| 25:22 | Create | Villager (Male) |
| 25:24 | Create | Villager (Male) |
| 25:43 | Research | Atonement |
| 25:44 | Create | Villager (Male) |
| 25:44 | Create | Villager (Male) |
| 25:46 | Build | Town Center |
| 26:16 | Create | Monk |
| 26:17 | Create | Villager (Male) |
| 26:20 | Create | Villager (Male) |
| 26:26 | Build | Farm |
| 26:27 | Build | Farm |
| 26:28 | Build | Farm |
| 26:29 | Create | Villager (Male) |
| 26:34 | Research | Fletching |
| 26:34 | Create | Villager (Male) |
| 27:07 | Create | Unit 2586 |
| 27:08 | Create | Unit 2586 |
| 27:24 | Create | Villager (Male) |
| 27:24 | Create | Villager (Male) |
| 27:40 | Research | Herbal Medicine |
| 27:41 | Create | Unit 2586 |
| 27:53 | Create | Monk |
| 27:55 | Create | Unit 2562 |
| 27:56 | Create | Unit 2562 |
| 27:56 | Create | Unit 2562 |
| 27:57 | Create | Villager (Male) |
| 28:02 | Create | Villager (Male) |
| 28:28 | Research | Devotion |
| 28:34 | Build | Town Center |
| 28:37 | Create | Villager (Male) |
| 28:57 | Create | Unit 2586 |
| 28:57 | Create | Unit 2586 |
| 29:10 | Create | Unit 2586 |
Build order — [CLB]PEGASO
First 150 of 203 actions detected
| 0:02 | Create | Villager (Male) |
| 0:02 | Create | Villager (Male) |
| 0:05 | Build | House |
| 0:06 | Build | House |
| 0:13 | Create | Villager (Male) |
| 0:16 | Create | Villager (Male) |
| 1:22 | Create | Villager (Male) |
| 1:22 | Create | Villager (Male) |
| 1:55 | Create | Villager (Male) |
| 2:01 | Build | Lumber Camp |
| 2:09 | Create | Villager (Male) |
| 2:09 | Create | Villager (Male) |
| 2:50 | Create | Villager (Male) |
| 2:50 | Create | Villager (Male) |
| 3:04 | Build | House |
| 3:15 | Create | Villager (Male) |
| 3:31 | Create | Villager (Male) |
| 3:31 | Create | Villager (Male) |
| 3:40 | Build | House |
| 3:45 | Create | Villager (Male) |
| 3:51 | Create | Villager (Male) |
| 3:51 | Create | Villager (Male) |
| 4:26 | Create | Villager (Male) |
| 4:46 | Build | Mill |
| 5:19 | Create | Villager (Male) |
| 5:34 | Create | Villager (Male) |
| 5:35 | Create | Villager (Male) |
| 6:08 | Create | Villager (Male) |
| 6:47 | Create | Villager (Male) |
| 8:02 | Create | Villager (Male) |
| 8:06 | Create | Villager (Male) |
| 8:10 | Build | Farm |
| 8:12 | Build | Farm |
| 8:19 | Build | Palisade Wall |
| 8:22 | Build | Palisade Wall |
| 8:26 | Build | Palisade Wall |
| 8:28 | Build | Palisade Wall |
| 8:34 | Build | Palisade Wall |
| 8:46 | Build | Palisade Wall |
| 8:56 | Research | Feudal Age |
| 9:07 | Build | Mining Camp |
| 9:31 | Build | Palisade Wall |
| 9:38 | Build | Farm |
| 9:42 | Build | Farm |
| 9:57 | Build | Palisade Wall |
| 10:34 | Build | Barracks |
| 10:53 | Create | Villager (Male) |
| 10:55 | Create | Villager (Male) |
| 11:06 | Age | Feudal Age |
| 11:14 | Build | House |
| 11:27 | Build | Stable |
| 11:50 | Create | Villager (Male) |
| 11:53 | Build | Blacksmith |
| 12:25 | Build | Farm |
| 12:27 | Research | Castle Age |
| 12:29 | Build | Farm |
| 12:40 | Build | Farm |
| 13:01 | Build | House |
| 13:32 | Build | Stable |
| 14:02 | Build | Farm |
| 14:25 | Build | Farm |
| 14:29 | Create | Villager (Male) |
| 15:05 | Create | Villager (Male) |
| 15:07 | Age | Castle Age |
| 15:08 | Create | Steppe Lancer |
| 15:08 | Create | Steppe Lancer |
| 15:08 | Create | Steppe Lancer |
| 15:10 | Build | House |
| 15:15 | Create | Steppe Lancer |
| 15:45 | Create | Villager (Male) |
| 16:06 | Create | Villager (Male) |
| 16:11 | Build | House |
| 16:13 | Create | Villager (Male) |
| 16:15 | Build | Town Center |
| 17:02 | Create | Villager (Male) |
| 17:10 | Create | Steppe Lancer |
| 17:10 | Create | Steppe Lancer |
| 17:17 | Create | Villager (Male) |
| 17:40 | Create | Villager (Male) |
| 17:44 | Create | Villager (Male) |
| 17:54 | Create | Villager (Male) |
| 18:09 | Create | Villager (Male) |
| 18:19 | Build | Town Center |
| 18:29 | Create | Villager (Male) |
| 18:30 | Create | Villager (Male) |
| 19:12 | Create | Villager (Male) |
| 19:15 | Build | Farm |
| 19:16 | Build | Farm |
| 19:18 | Build | Farm |
| 19:19 | Build | Farm |
| 19:21 | Build | Farm |
| 19:21 | Create | Villager (Male) |
| 19:36 | Create | Villager (Male) |
| 19:36 | Create | Villager (Male) |
| 19:48 | Create | Villager (Male) |
| 20:00 | Build | Monastery |
| 20:27 | Create | Villager (Male) |
| 20:27 | Create | Villager (Male) |
| 20:37 | Create | Villager (Male) |
| 20:37 | Create | Villager (Male) |
| 20:38 | Create | Monk |
| 20:43 | Build | Farm |
| 20:57 | Create | Villager (Male) |
| 21:08 | Build | Farm |
| 21:08 | Create | Villager (Male) |
| 21:11 | Create | Monk |
| 21:15 | Create | Villager (Male) |
| 21:22 | Build | Farm |
| 21:23 | Create | Villager (Male) |
| 21:32 | Build | House |
| 21:41 | Create | Villager (Male) |
| 21:49 | Research | Loom |
| 21:51 | Create | Villager (Male) |
| 21:56 | Build | Farm |
| 21:57 | Build | Farm |
| 21:58 | Build | Farm |
| 22:09 | Create | Villager (Male) |
| 22:16 | Create | Villager (Male) |
| 22:46 | Create | Villager (Male) |
| 22:51 | Build | House |
| 22:51 | Build | House |
| 23:01 | Create | Villager (Male) |
| 23:09 | Create | Villager (Male) |
| 23:11 | Build | House |
| 23:11 | Build | House |
| 23:14 | Create | Villager (Male) |
| 23:16 | Build | House |
| 23:16 | Build | House |
| 23:20 | Research | Double-Bit Axe |
| 23:35 | Build | Mill |
| 23:36 | Build | Farm |
| 23:36 | Build | Farm |
| 23:36 | Build | Farm |
| 23:36 | Build | Farm |
| 23:37 | Build | Farm |
| 23:37 | Build | Farm |
| 23:40 | Build | House |
| 23:40 | Build | House |
| 23:41 | Build | House |
| 24:28 | Create | Monk |
| 24:29 | Create | Villager (Male) |
| 24:29 | Create | Villager (Male) |
| 24:30 | Create | Villager (Male) |
| 24:30 | Create | Villager (Male) |
| 24:30 | Create | Villager (Male) |
| 24:34 | Build | Farm |
| 24:36 | Create | Scout Cavalry |
| 24:36 | Create | Scout Cavalry |
| 24:52 | Create | Monk |
| 24:52 | Create | Villager (Male) |
Match timeline
| 6:22 | monkeyxmy · wall_segment Palisade Wall x10 |
| 8:19 | [CLB]PEGASO · wall_segment Palisade Wall x8 |
| 8:22 | [CLB]PEGASO · wall_segment Palisade Wall x2 |
| 8:26 | [CLB]PEGASO · wall_segment Palisade Wall x4 |
| 8:28 | [CLB]PEGASO · wall_segment Palisade Wall x7 |
| 8:34 | [CLB]PEGASO · wall_segment Palisade Wall x6 |
| 8:46 | [CLB]PEGASO · wall_segment Palisade Wall x8 |
| 9:01 | monkeyxmy · wall_segment Palisade Wall x20 |
| 9:04 | monkeyxmy · wall_segment Palisade Wall x1 |
| 9:17 | monkeyxmy · wall_segment Palisade Wall x7 |
| 9:31 | [CLB]PEGASO · wall_segment Palisade Wall x1 |
| 9:57 | [CLB]PEGASO · wall_segment Palisade Wall x1 |
| 10:34 | [CLB]PEGASO · first_building Barracks |
| 11:06 | [CLB]PEGASO · age_up feudal |
| 11:26 | monkeyxmy · wall_segment Palisade Wall x1 |
| 11:27 | [CLB]PEGASO · first_building Stable |
| 12:22 | monkeyxmy · age_up feudal |
| 13:36 | monkeyxmy · first_market_buy 100 food |
| 15:07 | [CLB]PEGASO · age_up castle |
| 16:17 | monkeyxmy · age_up castle |
| 16:39 | monkeyxmy · first_building Monastery |
| 16:45 | monkeyxmy · first_building Castle |
| 17:23 | monkeyxmy · wall_segment Palisade Wall x1 |
| 19:59 | monkeyxmy · wall_segment Palisade Wall x1 |
| 20:00 | [CLB]PEGASO · first_building Monastery |
| 20:01 | monkeyxmy · wall_segment Palisade Wall x1 |
| 25:38 | [CLB]PEGASO · first_building Castle |
| 31:13 | [CLB]PEGASO · age_up imperial |
| 31:19 | monkeyxmy · resign |
[ AI ANALYSIS · 1 CREDIT ]
What really happened in this match?
Wolo.gg analyzes every decision: build order, eco, micro, common mistakes by bracket. Personalized analysis on WhatsApp or Discord in 30 seconds.
Civ guide
Muisca
Perfil
monkeyxmy